 Dungeon Crawl Stone Soup version 0.30.0-19-g36f170ea60 (webtiles) character file.

Game seed: 16595444482025561592

26 Peloso the Shield-Bearer (level 2, 27/27 HPs)
             Began as a Minotaur Fighter on June 1, 2023.
             Got out of the dungeon alive.
             The game lasted 00:01:05 (638 turns).

Peloso the Shield-Bearer (Minotaur Fighter)          Turns: 638, Time: 00:01:06

Health: 27/27      AC:  7    Str: 20    XL:     2   Next: 89%
Magic:  1/1        EV:  9    Int:  5    God:
Gold:   54         SH:  4    Dex:  9    Spells: 1/1 levels left

rFire   . . .        a - +0 long sword
rCold   . . .        c - +0 buckler
rNeg    . . .        b - +0 scale mail
rPois   .            (helmet unavailable)
rElec   .            (no cloak)
rCorr   .            (no gloves)
SInv    .            (no boots)
Will    .....        (no amulet) Stlth
                     (no ring)
HPRegen 0.24/turn    (no ring)
MPRegen 0.07/turn

%: no passive effects
@: no status effects
A: horns 3, retaliatory headbutt, MP-powered wands
a: no special abilities


You escaped.
You visited 1 branch of the dungeon, and saw 1 of its levels.

You collected 54 gold pieces.

Inventory:

Hand Weapons
 a - a +0 long sword (weapon)
Armour
 b - a +0 scale mail (worn)
 c - a +0 buckler (worn)
Potions
 d - a potion of might
 e - a potion of curing
 g - a potion of degeneration {unknown}


   Skills:
 + Level 4.1 Fighting
 + Level 2.7 Long Blades
 + Level 4.0 Armour
 + Level 0.1 Dodging
 + Level 4.1 Shields


You had one spell level left.
You didn't know any spells.
Your spell library was empty.

Dungeon Overview and Level Annotations

Branches:
Dungeon (1/15)

Altars:


Innate Abilities, Weirdness & Mutations

You have a pair of large horns on your head.
You reflexively headbutt those who attack you in melee.
You expend magic power (3 MP) to strengthen your wands.


Message History

The dart slug is moderately wounded.
The dart slug bites you but does no damage.
You slash the dart slug!
You kill the dart slug!
An endoplasm comes into view.
An endoplasm is nearby!
An endoplasm is nearby!
The endoplasm hits you but does no damage.
You hit the endoplasm.
You kill the endoplasm!
A goblin comes into view. It is wielding a +0 club.
The goblin shouts!
A goblin is nearby!
A goblin is nearby!
The goblin misses you. You furiously retaliate!
You headbutt the goblin!
You kill the goblin!
Things that are here:
a +0 club; a goblin corpse You open the door.
There is an open door here.
Done exploring.
Done exploring.
Done exploring.
Done exploring.
There is an open door here.
You have nothing you can fire or use right now.
Search for what [? for help]? weapon You aren't carrying any scrolls.
It was a potion of curing.
You feel better.
It was a potion of mutation.
You feel extremely strange.
You feel your magical essence link to the dungeon's wands.
The horns on your head grow some more.
(D) Dungeon
Where to? (? - help)
What level of the Dungeon? (default 1, ? - help)
There is an open door here.
There is an open door here.
There is a staircase leading out of the dungeon here.
Are you sure you want to leave the Dungeon?
This will make you lose the game!
You have escaped!

#...#....+.......................
#...>....###.##################..
#....##### #.# #..... #....# #.#
#....# #....#######.# #....#
#............# #....#
#...################## ######
#...# ##.........## # #...#
#..♣..@..♣..# # ###.#
##.........## # #.######
#####'##### ##### #
#.##...######...######...## #
#.#......................^#
#.#..⌠........⌠........⌠..#
###.#.......................#
....##...######...######...##
....###'## ##>## ##'##


There were no monsters in sight!

Vanquished Creatures
  A dart slug (D:1)
  3 ball pythons (D:1)
  3 bats (D:1)
  3 endoplasms (D:1)
  A hobgoblin (D:1)
  4 jackals (D:1)
  A quokka (D:1)
  A frilled lizard (D:1)
  2 goblins (D:1)
  3 rats (D:1)
22 creatures vanquished.

Notes
Turn   | Place    | Note
-------+----------+-------------------------------------------
     0 | D:1      | Peloso the Minotaur Fighter began the quest for the Orb.
     0 | D:1      | Reached XP level 1. HP: 19/19 MP: 0/0
    62 | D:1      | Found a faded altar of an unknown god.
   196 | D:1      | Reached XP level 2. HP: 27/27 MP: 1/1
   568 | D:1      | Gained mutation: You expend magic power (3 MP) to
                  | strengthen your wands. [potion of mutation]
   568 | D:1      | Gained mutation: You have a pair of large horns on your
                  | head. [potion of mutation]
   638 | D:$      | Got out of the dungeon alive.

Illustrated notes

Levels and vault maps discovered:
D:1:      minmay_arrival_split_and_join, layout_basic,
          hellmonk_ecumenical_altar_pennies_from_heaven

Skill      XL: |  1  2 |
---------------+-------+-----
Shields        | 4 |  4.1
Fighting       | 4 |  4.1
Armour         | 4 |  4.0
Long Blades    | |  2.7
Dodging        | |  0.1

Action                     || total
---------------------------++-------
  Melee: Long sword        ||    33
         Headbutt          ||     5
    Use: Potion            ||     2
 Armour: Scale mail        ||    29
  Dodge: Dodged            ||    16
  Block: Buckler           ||     4
